 Dungeon Crawl Stone Soup version 0.16-a0-327-gbff0e38 (webtiles) character file.

246 PolkaDot the Caller (level 5, -14/35 HPs)
             Began as a Vampire Summoner on Sept 5, 2014.
             Demolished by casual's ghost (17 damage)
             ... on Level 5 of the Dungeon.
             The game lasted 00:13:25 (3684 turns).

PolkaDot the Caller (Vampire Summoner)              Turns: 3684, Time: 00:13:26

HP -14/35        AC  6     Str  7      XL: 5   Next: 84%
MP   4/9         EV 12     Int 20      God:
Gold 151         SH  0     Dex 14      Spells:  2 memorised,  3 levels left

rFire  . . .     SeeInvis +     e - +2 dagger (drain)
rCold  . . .     Clarity  .     a - +1 robe
rNeg   . . .     rCorr    .     (no shield)
rPois  .         rRot     .     c - +2 helmet
rElec  .         Spirit   .     (no cloak)
SustAb .         Warding  .     (no gloves)
rMut   +         Stasis   .     (no boots)
Gourm  .                        s - amulet of resist mutation
MR     .....                    (no ring)
                                (no ring)

@: regenerating quickly, not resistant to hostile enchantments, unstealthy
A: fangs 3, see invisible, clever 1, unbreathing
a: no special abilities


You were on level 5 of the Dungeon.
You were very full.

You visited 1 branch of the dungeon, and saw 5 of its levels.

You collected 151 gold pieces.

Inventory:

Hand weapons
 e - a +2 dagger of draining (weapon)
Armour
 a - a +1 robe (worn)
 c - a +2 helmet (worn)
Scrolls
 d - a scroll of magic mapping {unknown}
 f - a scroll of remove curse
 i - 3 scrolls of amnesia
Jewellery
 s - an amulet of resist mutation (around neck)
Potions
 g - a potion of resistance {unknown}
 j - a potion of lignification {unknown}
 o - a potion of restore abilities
 p - a potion of agility {unknown}
 q - a potion of curing
 r - a potion of haste {unknown}
 v - a potion of flight {unknown}
Books
 b - a book of Callings

   Spells                             Type                      Level
   Summon Small Mammal                Summoning                    1
   *Call Imp                          Summoning                    2
   *Call Canine Familiar              Summoning                    3
   Summon Guardian Golem              Hexes/Summoning              4
   Summon Lightning Spire             Summoning/Air                4
   Summon Ice Beast                   Ice/Summoning                4


   Skills:
 - Level 2.1 Dodging
 - Level 3.0 Stealth
 - Level 2.0 Spellcasting
 * Level 7.2 Summonings


You had 3 spell levels left.
You knew the following spells:

 Your Spells              Type           Power        Failure   Level  Hunger
d - Call Canine Familiar  Summ           ####....     2%          3    ###....
s - Call Imp              Summ           ####....     1%          2    ##.....


Dungeon Overview and Level Annotations

Branches:
Dungeon (5/15)
 Temple: D:4-7

Altars:
Qazlal
Yredelemnul

Shops:
D:4 *

Annotations:
D:5 casual's ghost, experienced TrTm


Innate Abilities, Weirdness & Mutations

Your natural rate of healing is unusually fast.
You have razor-sharp teeth.
You have supernaturally acute eyesight.
You can survive without breathing.
Your mind is acute. (Int +2)


Message History

The centaur unwields an uncursed shortbow.
The centaur hits your hound! Casual's ghost hits you.
* * * LOW HITPOINT WARNING * * *
You hit casual's ghost but do no damage.
Casual's ghost is heavily damaged.
The centaur wields an uncursed shortbow.
The centaur shoots an arrow.
The arrow hits your hound!
Your hound dies!
Your hound's corpse disappears in a puff of smoke!
Casual's ghost closely misses you.
Casting: Call Canine Familiar
Confirm with . or Enter, or press ? or * to list all spells.
* * * LOW MAGIC WARNING * * *
The centaur shoots an arrow.
The arrow hits you!
* * * LOW HITPOINT WARNING * * *
Casual's ghost hits you.
* * * LOW HITPOINT WARNING * * *
The centaur shoots an arrow.
The arrow barely misses you. Casual's ghost hits you!
You die...

## #..# .##.#
###########..##......
......................
....................#
.......5.##.........#
########....(##....(#.#
.o.o.....##5.###h.<...#
####...####..##(..# #
... #...cW@## . #.
#...###.# .# ## #......
#.# .. #..##..# #.. #.
#.# #### ###. #. . ..
... .. .. . .###


You could see a centaur, casual's ghost and a friendly hound.

Vanquished Creatures
  A scorpion (D:5)
  4 adders
  An orc skeleton (D:4)
  2 giant mites (D:4)
  A worm (D:2)
  An iguana skeleton (D:5)
  6 giant geckos
  5 orcs (D:5)
  5 giant cockroaches
  5 hobgoblins
  7 kobolds
  A ball python (D:2)
  4 bats
  3 giant newts
  12 goblins
  11 rats
69 creatures vanquished.

Vanquished Creatures (collateral kills)
  A phantom (D:4)
  A shadow imp (D:5)
  2 worms
  An orc (D:5)
  A bat (D:2)
  2 goblins
8 creatures vanquished.

Vanquished Creatures (others)
  2 crimson imps (D:5)
  4 hounds
  A white imp (D:5)
  A quokka (D:2)
8 creatures vanquished.

Grand Total: 85 creatures vanquished

Notes
Turn   | Place    | Note
--------------------------------------------------------------
     0 | D:1      | PolkaDot, the Vampire Summoner, began the quest for the Orb.
     0 | D:1      | Reached XP level 1. HP: 13/13 MP: 3/3
   340 | D:1      | Reached XP level 2. HP: 14/19 MP: 4/4
   344 | D:1      | Learned a level 2 spell: Call Imp
   840 | D:2      | Found a stormy altar of Qazlal.
  1000 | D:2      | Reached skill level 5 in Summonings
  1072 | D:2      | Reached XP level 3. HP: 24/24 MP: 6/6
  1416 | D:2      | Found a basalt altar of Yredelemnul.
  1532 | D:2      | Learned a level 3 spell: Call Canine Familiar
  1633 | D:3      | HP: 1/24 [worm (7)]
  1940 | D:3      | Reached XP level 4. HP: 30/30 MP: 7/7
  2343 | D:4      | Gained mutation: Your mind is acute. (Int +2) [potion of beneficial mutation]
  2425 | D:4      | Reached skill level 6 in Summonings
  2459 | D:4      | Found Hefiah's Assorted Antiques.
  2563 | D:4      | Noticed a phantom
  2843 | D:4      | Found a glowing drain.
  3259 | D:4      | Killed a phantom
  3259 | D:4      | Reached XP level 5. HP: 17/35 MP: 0/9
  3429 | D:5      | Entered Level 5 of the Dungeon
  3560 | D:5      | Reached skill level 7 in Summonings
  3628 | D:5      | Noticed casual's ghost (experienced TrTm)
  3636 | D:5      | Noticed a centaur
  3684 | D:5      | Demolished by casual's ghost

Action                   |  1- 3 |  4- 6 || total
-------------------------+-------+-------++-------
Melee: Dagger            |   103 |   150 ||   253
       Unarmed           |     6 |       ||     6
 Cast: Call Imp          |     7 |     7 ||    14
       Summon Small Mamm |     2 |       ||     2
       Call Canine Famil |     1 |     8 ||     9
  Use: Potion            |     1 |     3 ||     4
       Scroll            |       |    12 ||    12
 Stab: Sleeping          |     4 |     3 ||     7
  Eat: Corpse            |    14 |     8 ||    22
